 Dungeon Crawl Stone Soup version 0.29.1-15-g9cfb28693d (webtiles) character file.

Game seed: 2354101674617368882

44510 firemarshallily the Imperceptible (level 14, -2/141 HPs)
             Began as a Naga Brigand on Mar 12, 2023.
             Was the Champion of Cheibriados.
             Slain by an eight-headed hydra (8 damage)
             ... on level 5 of the Lair of Beasts on Mar 13, 2023.
             The game lasted 01:19:38 (24383 turns).

firemarshallily the Imperceptible (Naga Brigand)   Turns: 24383, Time: 01:19:38

Health: -2/141     AC: 10    Str: 28    XL:     14   Next: 29%
Magic:  15/15      EV: 20    Int: 27    God:    Cheibriados [******]
Gold:   828        SH:  0    Dex: 33    Spells: 12/15 levels left

rFire   + . .      SeeInvis +   f - +6 dagger (venom)
rCold   + + .      Faith    .   (no shield)
rNeg    + + .      Spirit   .   u - +2 robe {rC+}
rPois   +          Reflect  .   (helmet restricted)
rElec   .          Harm     .   C - +2 cloak {rCorr}
rCorr   +          Rampage  .   (no gloves)
Will    +....      Rage     3%  (no barding)
Stlth   +++++++++.              a - macabre finger necklace {rN+}
HPRegen 0.33/turn               F - ring of positive energy
MPRegen 0.14/turn               G - ring of protection from fire
                                (no ring)

@: very slow
A: AC +4, large, see invisible, deformed body, poison resistance, slowness 2,
spit poison 1, naga tail 2, horns 1, berserk 1, cold resistance 1
a: Spit Poison, Renounce Religion, Bend Time, Temporal Distortion, Slouch, Step
From Time


You were on level 5 of the Lair of Beasts.
You worshipped Cheibriados.
Cheibriados was exalted by your worship.
You visited 3 branches of the dungeon, and saw 18 of its levels.
You also visited: Ossuary.

You collected 976 gold pieces.
You spent 148 gold pieces at shops.

Inventory:

Hand Weapons
 f - a +6 dagger of venom (weapon)
 K - a +5 dagger of freezing
Missiles
 c - 7 javelins
 d - 47 poisoned darts
 D - 3 boomerangs
 I - a throwing net
Armour
 l - a +3 leather armour
 u - a +2 robe of cold resistance (worn)
 C - a +2 cloak of preservation (worn)
 L - a +0 buckler
 N - a +2 leather armour of fire resistance
 R - a +2 helmet
Jewellery
 a - the macabre finger necklace (around neck) {rN+}
   (You found it on level 5 of the Dungeon)

   [amulet of nothing]

   It enables you to equip an extra ring.
   rN:        It protects you from negative energy.
 F - a ring of positive energy (left hand)
 G - a ring of protection from fire (right hand)
Wands
 r - a wand of polymorph (11)
 w - a wand of charming (10)
 z - a wand of flame (20)
 J - a wand of mindburst (7)
 O - a wand of acid (5)
Scrolls
 b - a scroll of enchant armour
 h - 6 scrolls of teleportation
 i - 4 scrolls of summoning
 k - 2 scrolls of poison
 m - 4 scrolls of fear
 p - 6 scrolls of magic mapping
 q - 3 scrolls of immolation
 t - 3 scrolls of fog
 x - 5 scrolls of vulnerability
 y - a scroll of amnesia
 M - 3 scrolls of identify
Potions
 g - a potion of attraction
 j - 2 potions of curing
 n - 5 potions of flight
 o - 3 potions of mutation
 A - 5 potions of brilliance
 B - a potion of ambrosia
 E - a potion of resistance


   Skills:
 * Level 13.1 Fighting
 - Level 10.0 Short Blades
 - Level 1.7 Throwing
 * Level 9.0 Dodging
 + Level 23.0 Stealth
 - Level 1.3 Spellcasting


You had 12 spell levels left.
You knew the following spells:

 Your Spells              Type           Power      Damage    Failure   Level
a - Ozocubu's Armour      Ice            1%         N/A       32%         3

Your spell library contained the following spells:

 Spells                   Type           Power      Damage    Failure   Level
 Scorch                   Fire           2%         2d5       16%         2
 Dazzling Flash           Conj/Hex       2%         N/A       32%         3
 Animate Dead             Necr           1%         N/A       71%         4
 Flame Wave               Conj/Fire      1%         2d4       71%         4
 Iskenderun's Mystic Bla  Conj/Tloc      1%         2d3       71%         4
 Summon Ice Beast         Ice/Summ       1%         N/A       71%         4
 Alistair's Intoxication  Tmut/Pois      0%         N/A       96%         5
 Borgnjor's Vile Clutch   Necr/Erth      0%         N/A       96%         5
 Metabolic Englaciation   Hex/Ice        0%         N/A       96%         5
 Summon Mana Viper        Hex/Summ       1%         N/A       96%         5
 Eringya's Noxious Bog    Tmut/Pois      0%         N/A       100%        6
 Simulacrum               Ice/Necr       0%         N/A       100%        6
 Starburst                Conj/Fire      0%         6d3       100%        6
 Summon Cactus Giant      Summ           0%         N/A       100%        6
 Haunt                    Necr/Summ      0%         N/A       100%        7
 Monstrous Menagerie      Summ           0%         N/A       100%        7
 Infestation              Necr           0%         N/A       100%        8


Dungeon Overview and Level Annotations

Branches:
Dungeon (12/15)            Temple (1/1) D:4            Lair (5/5) D:9
  Swamp (0/4) Lair:2       Spider (0/4) Lair:2        Slime (0/5) Lair:4
    Orc (0/2) D:12        Ossuary (visited)

Altars:
Ashenzari
Cheibriados
Dithmenos
Elyvilon
Fedhas
Gozag
Hepliaklqana
Kikubaaqudgha
Makhleb
Nemelex Xobeh
Okawaru
Qazlal
Ru
Sif Muna
Trog
Uskayaw
Vehumet
Wu Jian
Xom
Yredelemnul
Zin
The Shining One

Shops:
D:2 (   D:3 (   D:5 =:==?

Annotations:
D:11 exclusion: gargoyle
D:12 3 runed translucent doors, middlethird's ghost, journeyman MeEE
Lair:5 3 runed translucent doors, exclusion: oklob plant, Hairutzoic's ghost, journeyman MiBe


Innate Abilities, Weirdness & Mutations

Your serpentine skin is tough. (AC +4)
You have supernaturally acute eyesight. (SInv)
Armour fits poorly on your strangely shaped body.
Your system is resistant to poisons. (rPois)
You cover ground very slowly.
You can spit poison.
You can use your snake-like lower body to constrict enemies.
You have a pair of small horns on your head.
You sometimes lose your temper in combat.
Your flesh is cold resistant. (rC+)


Message History

The eight-headed hydra barely misses you.
The eight-headed hydra bites you. The eight-headed hydra bites you!
* * * LOW HITPOINT WARNING * * *
The eight-headed hydra completely misses you.
The eight-headed hydra barely misses you.
The eight-headed hydra closely misses you.
The eight-headed hydra misses you. x2
Really quaff the potion of mutation?
You feel extremely strange. A pair of horns grows on your head!
Your +2 helmet falls away!
You feel a little pissed off.
You feel resistant to cold.
The eight-headed hydra bites you but does no damage. x2
The eight-headed hydra misses you.
The eight-headed hydra completely misses you.
The eight-headed hydra bites you but does no damage.
The eight-headed hydra barely misses you.
The eight-headed hydra misses you.
The eight-headed hydra closely misses you.
You hit the eight-headed hydra.
The eight-headed hydra looks as sick as possible!
The eight-headed hydra is moderately wounded.
You hit the eight-headed hydra. You headbutt the eight-headed hydra.
The eight-headed hydra is heavily wounded.
The eight-headed hydra completely misses you.
The eight-headed hydra bites you!
* * * LOW HITPOINT WARNING * * *
The eight-headed hydra bites you!
* * * LOW HITPOINT WARNING * * *
The eight-headed hydra completely misses you.
The eight-headed hydra barely misses you.
The eight-headed hydra bites you!
* * * LOW HITPOINT WARNING * * *
The eight-headed hydra barely misses you. x2
Okay, then.
As you read the scroll of fear, it crumbles to dust.
You assume a fearsome visage.
The blink frog looks frightened!
The eight-headed hydra resists with some effort.
The blink frog blinks!
The eight-headed hydra bites you!
You die...

#.. .. .♣♣ ♣
♣♣♣ ♣♣♣F♣♣
♣....♣♣
♣.....♣♣♣
♣♣♣..♣♣@D♣ ♣
♣♣...♣♣♣♣♣§.♣
♣♣♣♣
♣♣♣♣...♣♣
♣..♣
...♣♣♣....♣♣♣
..♣
♣......[♣♣♣ .
♣♣†♣♣P♣♣♣
♣♣♣♣♣+


You could see an eight-headed hydra (extremely poisoned) and a blink frog
(fleeing).

Vanquished Creatures
  5 hydras
  2 boulder beetles
  2 catoblepae
  2 two-headed ogres
  Urug (Lair:5)
  5 death yaks (Lair:3)
  Amaemon (Lair:2)
  A lindwurm (Lair:3)
  3 elephants
  4 black mambas
  Joseph (Lair:1)
  An orange demon (Lair:2)
  8 cane toads
  2 gargoyles (D:12)
  7 rime drakes
  10 komodo dragons
  An unseen horror (D:12)
  24 blink frogs
  A hornet (D:10)
  3 polar bears
  Grinder (D:4)
  A dream sheep (Lair:5)
  Sigmund (D:2)
  5 jumping spiders (Lair:2)
  36 yaks
  2 culicivoras (Lair:2)
  A wraith (D:11)
  3 wyverns
  Eustachio (D:6)
  2 vampire mosquitoes (D:11)
  5 basilisks
  Menkaure (Ossuary)
  2 acid dragons
  18 water moccasins
  A hell hound (Lair:5)
  An ice beast (D:7)
  A sky beast (D:7)
  2 ogres
  7 black bears
  21 wolves
  12 centaurs
  A phantom (D:6)
  2 kobold brigands (D:9)
  9 bullfrogs
  3 necrophages
  2 gnoll sergeants (D:11)
  5 scorpions
  4 wights
  15 killer bees
  4 howler monkeys
  An electric eel (Lair:3)
  3 jellies
  Crazy Yiuf (D:6)
  4 hounds
  An orc priest (D:8)
  2 gnoll boudas
  4 iguanas
  9 orc wizards
  A hell rat (Lair:5)
  3 mummies (Ossuary)
  15 gnolls
  11 adders
  A shadow imp (D:6)
  An ufetubus (D:5)
  A worm (D:9)
  3 dart slugs
  30 orcs
  8 ball pythons
  5 bats
  10 endoplasms
  3 giant cockroaches (D:2)
  5 gnoll zombies (Ossuary)
  9 goblins
  4 hobgoblins
  4 jackals (D:4)
  5 quokkas
  4 gnoll skeletons (Ossuary)
  3 goblin skeletons (Ossuary)
  3 goblin zombies (Ossuary)
  4 hobgoblin skeletons (Ossuary)
  3 hobgoblin zombies (Ossuary)
  19 kobolds
  5 kobold skeletons (Ossuary)
  4 kobold zombies (Ossuary)
  4 orc skeletons (Ossuary)
  5 orc zombies (Ossuary)
  6 rats
  5 rat skeletons (Ossuary)
  5 rat zombies (Ossuary)
467 creatures vanquished.

Vanquished Creatures (others)
  A ball python (D:3)
  15 fungi
  29 plants
45 creatures vanquished.

Grand Total: 512 creatures vanquished

Notes
Turn   | Place    | Note
-------+----------+-------------------------------------------
     0 | D:1      | firemarshallily the Naga Brigand began the quest for the
                  | Orb.
     0 | D:1      | Reached XP level 1. HP: 19/19 MP: 1/1
    94 | D:1      | Reached skill level 6 in Stealth
   387 | D:1      | Reached XP level 2. HP: 26/26 MP: 2/2
  1152 | D:2      | Found Oghol's Weapon Shop.
  1155 | D:2      | Found a faded altar of an unknown god.
  1166 | D:2      | Reached XP level 3. HP: 32/32 MP: 3/3
  1300 | D:2      | Noticed Sigmund
  1334 | D:2      | Killed Sigmund
  1335 | D:2      | Reached skill level 8 in Stealth
  1335 | D:2      | Reached XP level 4. HP: 11/42 MP: 4/4
  1335 | D:2      | Reached XP level 5. HP: 13/49 MP: 5/5
  1796 | D:2      | Reached XP level 6. HP: 56/56 MP: 6/6
  2386 | D:3      | Found a shimmering blue altar of Sif Muna.
  2639 | D:3      | Found a radiant altar of Vehumet.
  2779 | D:3      | Found Biguny's Weapon Shop.
  3047 | D:4      | Noticed Grinder
  3384 | D:4      | Found a staircase to the Ecumenical Temple.
  3406 | Temple   | Entered the Ecumenical Temple
  3454 | D:4      | Killed Grinder
  3455 | D:4      | Reached skill level 5 in Short Blades
  3455 | D:4      | Reached skill level 9 in Stealth
  3455 | D:4      | Reached XP level 7. HP: 63/63 MP: 7/7
  4006 | D:5      | Entered Level 5 of the Dungeon
  4010 | D:5      | Found Onleh's Book Emporium.
  4015 | D:5      | Found Licwaun's Jewellery Shop.
  4052 | D:5      | Found Seobirph's Magic Scroll Emporium.
  4063 | D:5      | Bought a scroll of magic mapping for 82 gold pieces
  4063 | D:5      | Bought 3 scrolls of identify for 66 gold pieces
  4082 | D:5      | Found the macabre finger necklace {rN+}
  4241 | D:5      | Found Neuquupt's Jewellery Emporium.
  4323 | D:5      | Found Zoireter's Jewellery Shoppe.
  4363 | D:5      | Reached skill level 10 in Stealth
  4441 | D:5      | Reached XP level 8. HP: 72/73 MP: 8/8
  4636 | D:5      | Found a shadowy altar of Dithmenos.
  4701 | D:5      | Found an ancient bone altar of Kikubaaqudgha.
  4718 | D:5      | Reached skill level 11 in Stealth
  5175 | D:6      | Reached skill level 5 in Fighting
  5180 | D:6      | Found a glowing golden altar of the Shining One.
  5234 | D:6      | Reached skill level 12 in Stealth
  5259 | D:6      | Reached XP level 9. HP: 28/81 MP: 9/9
  5475 | D:6      | Found a sand-covered staircase.
  5496 | Ossuary  | Entered an ossuary
  6013 | Ossuary  | Noticed Menkaure
  6051 | Ossuary  | Killed Menkaure
  6358 | D:6      | Reached skill level 13 in Stealth
  6726 | D:6      | Found a runed translucent door.
  6727 | D:6      | Noticed Crazy Yiuf
  6809 | D:6      | Found a sparkling altar of Nemelex Xobeh.
  6896 | D:6      | Found a glowing silver altar of Zin.
  6896 | D:6      | Noticed Eustachio
  6904 | D:6      | Killed Eustachio
  7155 | D:6      | Killed Crazy Yiuf
  7295 | D:7      | Found a broken altar of Ashenzari.
  7519 | D:7      | Reached skill level 14 in Stealth
  8064 | D:8      | Noticed a two-headed ogre
  8070 | D:8      | Killed a two-headed ogre
  8071 | D:8      | Reached XP level 10. HP: 92/92 MP: 10/10
  8202 | D:8      | Reached skill level 15 in Stealth
  9119 | D:9      | Found a staircase to the Lair.
  9141 | D:9      | Found a hide-covered altar of Uskayaw.
  9141 | D:9      | Noticed a +0 spear
  9141 | D:9      | Noticed a +0 falchion
  9141 | D:9      | Noticed a +0 short sword
  9142 | D:9      | Noticed a +0 dagger
  9143 | D:9      | Noticed a +0 short sword
  9144 | D:9      | Noticed a +0 dagger
  9144 | D:9      | Noticed a +0 spear
  9145 | D:9      | Noticed a +0 falchion
  9597 | D:9      | Found a snail-covered altar of Cheibriados.
  9608 | D:9      | Became a worshipper of Cheibriados the Contemplative
  9916 | D:9      | Reached * piety under Cheibriados
 10261 | D:9      | Found a sacrificial altar of Ru.
 10510 | D:9      | Reached skill level 10 in Short Blades
 10553 | D:10     | Entered Level 10 of the Dungeon
 10719 | D:9      | Reached skill level 16 in Stealth
 10939 | D:10     | Reached ** piety under Cheibriados
 11109 | D:10     | Found an ornate altar of the Wu Jian Council.
 11649 | D:11     | Noticed a gargoyle
 11775 | D:11     | Reached skill level 1 in Spellcasting
 12220 | D:11     | Reached skill level 17 in Stealth
 12220 | D:11     | Reached XP level 11. HP: 78/103 MP: 12/12
 12235 | D:11     | Reached skill level 1 in Dodging
 12257 | D:11     | Reached *** piety under Cheibriados
 12586 | D:11     | Noticed a boulder beetle
 12604 | D:11     | Killed a boulder beetle
 12664 | D:11     | Noticed a two-headed ogre
 12667 | D:11     | Killed a two-headed ogre
 13025 | D:11     | Noticed an eight-headed hydra
 13027 | D:11     | Killed an eight-headed hydra
 13028 | D:11     | Reached skill level 18 in Stealth
 13166 | D:12     | Found a runed translucent gate.
 13166 | D:12     | Found a runed translucent gate.
 13166 | D:12     | Found a runed translucent gate.
 13759 | D:12     | Found a staircase to the Orcish Mines.
 13789 | D:12     | Noticed a seven-headed hydra
 13838 | D:12     | Killed a seven-headed hydra
 13839 | D:12     | Reached skill level 19 in Stealth
 13887 | D:12     | Noticed middlethird's ghost (journeyman MeEE)
 13929 | D:12     | Noticed a boulder beetle
 13946 | D:12     | Killed a boulder beetle
 14251 | D:12     | Noticed an ice dragon
 14350 | Lair:1   | Entered Level 1 of the Lair of Beasts
 14350 | Lair:1   | Noticed Joseph
 14353 | Lair:1   | Killed Joseph
 14642 | Lair:1   | Reached XP level 12. HP: 114/114 MP: 13/13
 14690 | Lair:1   | Reached **** piety under Cheibriados
 15217 | Lair:1   | Noticed an eight-headed hydra
 15224 | Lair:1   | Killed an eight-headed hydra
 15225 | Lair:1   | Reached skill level 20 in Stealth
 16292 | Lair:1   | Noticed a catoblepas
 16322 | Lair:1   | Killed a catoblepas
 16696 | Lair:1   | Reached skill level 5 in Dodging
 16706 | Lair:1   | Reached skill level 10 in Fighting
 16733 | Lair:1   | Reached skill level 21 in Stealth
 17319 | Lair:2   | Found a hole to the Spider Nest.
 17514 | Lair:2   | Reached ***** piety under Cheibriados
 17663 | Lair:2   | Found a staircase to the Swamp.
 17876 | Lair:2   | Learned a level 3 spell: Ozocubu's Armour
 18061 | Lair:2   | Noticed Amaemon
 18448 | Lair:2   | Killed Amaemon
 19192 | Lair:3   | Gained mutation: You can use your snake-like lower body to
                  | constrict enemies. [Naga growth]
 19192 | Lair:3   | Reached XP level 13. HP: 35/124 MP: 14/14
 19565 | Lair:3   | Found the +10 morningstar "Eos" {elec, Halo rElec}
 19842 | Lair:3   | Reached skill level 22 in Stealth
 20342 | Lair:3   | Identified the +8 war axe of Buah {antimagic, Fragile rElec
                  | rC- rN+++}
 20839 | Lair:3   | Found a white marble altar of Elyvilon.
 21726 | Lair:4   | Found a staircase to the Slime Pits.
 22243 | Lair:4   | Reached ****** piety under Cheibriados
 22733 | Lair:5   | Entered Level 5 of the Lair of Beasts
 22763 | Lair:5   | Found a runed translucent gate.
 22763 | Lair:5   | Found a runed translucent gate.
 22763 | Lair:5   | Found a runed translucent gate.
 23255 | Lair:5   | Noticed Urug
 23280 | Lair:5   | Reached XP level 14. HP: 103/139 MP: 15/15
 23320 | Lair:5   | Killed Urug
 23708 | Lair:5   | Noticed Hairutzoic's ghost (journeyman MiBe)
 23964 | Lair:5   | Reached skill level 23 in Stealth
 24380 | Lair:5   | Gained mutation: You have a pair of small horns on your
                  | head. [potion of mutation]
 24380 | Lair:5   | Gained mutation: You sometimes lose your temper in combat.
                  | [potion of mutation]
 24380 | Lair:5   | Gained mutation: Your flesh is cold resistant. (rC+)
                  | [potion of mutation]
 24382 | Lair:5   | HP: 6/141 [eight-headed hydra (10)]
 24383 | Lair:5   | Slain by an eight-headed hydra

Illustrated notes

Levels and vault maps discovered:
D:1:      saegor_arrival_simple_e, layout_basic, minmay_misc_feat_doors
D:2:      layout_basic, serial_shops, nicolae_diamond_shop,
          ebering_ecumenical_altar_sacrificial, st_stairs_10,
          minmay_misc_feat_enclosed, uniq_sigmund
D:3:      layout_rooms, fiery_altar_vehumet, kennysheep_orc_sif_temple,
          serial_shops, nicolae_shop_behind_doors, kennysheep_nondescript
D:4:      layout_loops_corners, minmay_temple_entry_glass, skrybe_limestone_x,
          uniq_grinder
D:5:      minmay_recursive_quarters, layout_loops_ring,
          nicolae_kikubaaqudgha_miasma_corner,
          mainiacjoe_overflow_small_starburst, serial_shops, shop_fountains,
          nicolae_square_shop, nicolae_shop_trees, shop, nicolae_shop_stone
D:6:      layout_basic, tso_oasis_becter, nemelex_diamond_rough_becter,
          zin_academy, nicolae_ossuary_entry_ruins, kennysheep_generic_room_14,
          uniq_crazy_yiuf_cottage, uniq_eustachio
D:7:      layout_loops_ring, old_standard_altar
D:8:      layout_basic, kennysheep_generic_room_15
D:9:      layout_basic, slow_altar_1, nicolae_ru_path_of_blood,
          nicolae_uskayaw_en_pointe, lair_entry_dummy
D:10:     layout_loops_cross, nicolae_wu_jian_immortal_techniques
D:11:     layout_roguey
D:12:     layout_cave_pools, orc_0_dummy, gammafunk_ghost_icy,
          serial_bayou_pond_d
Temple:   nicolae_temple_ecumenical_triangle
Lair:1:   layout_layer_cave, beast_lair_carwin_5, uniq_joseph
Lair:2:   layout_cave_pods, swamp_mist, nicolae_spider_entry_tight_spaces,
          uniq_amaemon
Lair:3:   layout_cave_shapes, nicolae_quartered_pool_little,
          lemuel_centaur_altar
Lair:4:   layout_hall_layers, slime_entry_1, st_stairs_8
Lair:5:   evil_forest, layout_cave_pods, gammafunk_ghost_split, st_stairs_9,
          nzn_masters_of_martial_movement, grunt_megastairs_2, uniq_urug

Skill      XL: |  1  2  3  4  5  6  7  8  9 10 11 12 13 14 |
---------------+-------------------------------------------+-----
Stealth        | 6 8 9 10 12 14 17 19 21 22 23 | 23.0
Fighting       | 3 4 5 6 7 9 10 12 13 | 13.1
Short Blades   | 3 4 5 7 9 10 | 10.0
Spellcasting   | 1 |  1.3
Dodging        | 3 6 8 9 |  9.0
Throwing       | |  1.7

Action                   |  1- 3 |  4- 6 |  7- 9 | 10-12 | 13-15 || total
-------------------------+-------+-------+-------+-------+-------++-------
Melee: Dagger            |    59 |    75 |   425 |   732 |   435 ||  1726
       Punch             |       |     1 |     5 |     9 |     5 ||    20
       Constrict         |       |       |       |       |    57 ||    57
       Headbutt          |       |       |       |       |     1 ||     1
Throw: Dart              |     2 |     3 |       |    39 |     2 ||    46
       Boomerang         |       |       |       |     7 |       ||     7
       Throwing net      |       |       |       |     1 |       ||     1
 Cast: Ozocubu's Armour  |       |       |       |       |     1 ||     1
Invok: Bend Time         |       |       |       |     1 |     1 ||     2
 Abil: Spit Poison       |    18 |    19 |    20 |    29 |    11 ||    97
  Use: Scroll            |     6 |     8 |    10 |     9 |     8 ||    41
       Potion            |     5 |       |     3 |     6 |    12 ||    26
 Stab: Sleeping          |     7 |    15 |    28 |    34 |    32 ||   116
       Distracted        |       |       |       |     2 |       ||     2
       Invisible         |       |       |       |       |     2 ||     2
       Petrified         |       |       |       |       |     1 ||     1
Armor: Robe              |     9 |    12 |    92 |   234 |   113 ||   460
       Skin              |       |       |     8 |       |    60 ||    68
Dodge: Dodged            |    36 |    21 |   114 |   405 |   298 ||   874
